Map: Iron Fortress LE

Players

Veeduh

  • Race: Protoss Protoss
  • Spawn Location: 5:00

Kantuva - Winner!

  • Race: Zerg Zerg
  • Spawn Location: 1:00

VOD

Have the link to the VOD?

Description

Time

  • Played on: April 1, 2015, 2:24 a.m.
  • Length: 4:26
Show
View Real Time Build Order
Export as new Build Order

Veeduh Protoss 

Build Orders:  

Get SALT Encoding   

  12  0:10  Pylon  
  12  0:14  Probe  
  13  0:26  Probe (Chrono Boost)  
  14  0:38  Probe (Chrono Boost)  
  15  0:47  Probe (Chrono Boost)  
  16  0:55  Probe  
  17  1:07  Probe  
  18  1:15  Nexus  
  18  1:19  Probe, Pylon  
  19  1:38  Gateway  
  19  1:45  Probe (Chrono Boost)  
  20  1:55  Probe (Chrono Boost)  
  20  1:57  Forge  
  20  2:10  Probe (Chrono Boost), Assimilator  
  20  2:14  Assimilator  
  21  2:20  Probe (Chrono Boost)  
  22  2:26  Zealot  
  22  2:28  Probe (Chrono Boost)  
  26  2:33  Probe (Chrono Boost)  
  27  2:38  Probe (Chrono Boost), Photon Cannon  
  27  2:41  Probe (Chrono Boost)  
  28  2:45  Probe  
  29  2:51  Probe  
  29  2:55  Cybernetics Core  
  29  2:57  Probe  
  30  3:16  Zealot (Chrono Boost)  
  32  3:23  Gateway  
  32  3:26  Gateway  
  32  3:27  Pylon  
  30  3:38  Pylon  
  30  3:44  Pylon  
  30  3:46  Probe (Chrono Boost)  
  32  3:52  Probe (Chrono Boost)  
  32  3:58  Probe (Chrono Boost)  
  32  3:59  Probe (Chrono Boost)  
  34  4:07  Pylon  
  34  4:08  Probe  
  35  4:10  Gateway  
  35  4:12  Pylon  
Show
View Real Time Build Order
Export as new Build Order

Kantuva Zerg - Winner!

Build Orders: Hatch First 

Get SALT Encoding   

  12  0:01  Drone  
  13  0:13  Overlord  
  13  0:20  Drone  
  14  0:32  Drone x2  
  16  0:36  Drone  
  17  0:56  Hatchery  
  16  1:15  Drone, Spawning Pool, Extractor  
  15  1:23  Drone  
  15  1:24  Drone  
  17  1:26  Drone  
  18  1:37  Drone  
  19  1:48  Overlord  
  19  2:02  Queen  
  21  2:11  Zergling x2  
  21  2:12  Zergling x4  
  21  2:15  Queen  
  26  2:27  Metabolic Boost  
  26  2:34  Drone  
  26  2:35  Drone  
  28  2:38  Queen  
  28  2:40  Drone  
  31  2:46  Drone x3  
  31  2:51  Drone  
  35  3:10  Drone  
  35  3:12  Overlord  
  34  3:30  Drone x4  
  34  3:31  Overlord  
  38  3:39  Zergling x10  
  38  3:40  Zergling x2  
  44  3:42  Hatchery  
  44  3:47  Overlord  
  43  3:59  Zergling x4  
  43  4:01  Roach Warren  
Tags
 
Add a new tag
Caveats
  • Supply blocks, unpowered buildings, or Contaminate may cause inaccurate times.
  • Supply counts are checked every 10 seconds.